 Dungeon Crawl Stone Soup version 0.23.0 (webtiles) character file.

Game seed: 1831663361087103389

267 Murks the Ruffian (level 6, -6/61 HPs)
             Began as a Troll Chaos Knight on Feb 16, 2019.
             Was a Plaything of Xom.
             Mangled by a sun demon (10 damage)
             ... summoned by Xom
             ... on level 4 of the Dungeon.
             The game lasted 00:11:17 (3221 turns).

Murks the Ruffian (Troll Chaos Knight)              Turns: 3221, Time: 00:11:21

Health: -6/61      AC:  9    Str: 21    XL:     6   Next: 0%
Magic:  5/5        EV: 10    Int:  8    God:    Xom [......]
Gold:   214        SH:  0    Dex: 11    Spells: 5/5 levels left

rFire    . . .     SeeInvis .     - Unarmed
rCold    . . .     Gourm    +   (no shield)
rNeg     . . .     Faith    .   a - +2 robe
rPois    .         Spirit   .   (helmet restricted)
rElec    .         Reflect  .   f - +0 cloak
rCorr    .         Harm     .   (gloves unavailable)
MR       .....                  (boots unavailable)
Stlth    +.........             (no amulet)
HPRegen  0.60/turn              (no ring)
MPRegen  0.09/turn              (no ring)

@: no status effects
A: large, unfitting armour, claws 3, fast metabolism 3, gourmand, regeneration
1, shaggy fur 1, tough skin 3
a: Renounce Religion


You were on level 4 of the Dungeon.
You worshipped Xom.
You were a very special plaything of Xom.
You were very full.

You visited 1 branch of the dungeon, and saw 4 of its levels.

You collected 214 gold pieces.

Inventory:

Missiles
 c - 146 stones
 n - 6 javelins (quivered)
 o - 2 tomahawks
Armour
 a - a +2 robe (worn)
 f - a +0 cloak (worn)
Jewellery
 p - an uncursed ring of see invisible {unknown}
Scrolls
 d - 4 scrolls of teleportation {unknown}
 g - 2 scrolls of immolation {unknown}
 h - 4 scrolls of identify {unknown}
 l - a scroll of magic mapping {unknown}
Potions
 e - 2 potions of curing {unknown}
 i - a potion of resistance {unknown}
 k - a potion of mutation {unknown}
Comestibles
 b - 8 rations


   Skills:
 + Level 3.5 Fighting
 - Level 1.9 Dodging
 - Level 6.0 Unarmed Combat


You had 5 spell levels left.
You didn't know any spells.
Your spell library was empty.

Dungeon Overview and Level Annotations

Branches:
Dungeon (4/15)
 Temple: D:4-7

Altars:
Cheibriados
Ru
Trog


Innate Abilities, Weirdness & Mutations

You are too large for most types of armour.
You have claws for hands.
Your metabolism is lightning-fast.
You like to eat raw meat.
Your natural rate of healing is unusually fast.
You are covered in fur. (AC +1)
You have extremely tough skin. (AC +3)


Message History

Press: ? - help, v - describe, . - travel
Here: a sun demon (summoned)
The floor.
Unknown command.
Okay, then.
You closely miss the ufetubus.
The ufetubus hits you but does no damage.
The ufetubus misses you. The sun demon barely misses you.
You miss the ufetubus. The ufetubus barely misses you.
The ufetubus hits you but does no damage.
The sun demon hits you!!
You are engulfed in flames!
The ufetubus hits you but does no damage. x2
As you read the scroll labeled NYSTYF DYIRGHIN CIA, it crumbles to dust.
You assume a fearsome visage.
The ufetubus is unaffected.
The sun demon is unaffected.
It was a scroll of fear.
The ufetubus hits you but does no damage. x2
The sun demon hits you!
* * * LOW HITPOINT WARNING * * *
You are engulfed in flames!
You die...

### #<# #.# #.# #)#
######.###########
.................#
######.#########5# ####.
.......# #@# ....
################3####..#
# .........5..#..# .
########.##....#.#
..####.##....#.##
..................
#######.####.##.(..#.#
#....##.####.......#
#....##.#......รท...#


You could see a sun demon, a crimson imp and an ufetubus.

Vanquished Creatures
  An eye of draining (shapeshifter) (D:4)
  An orc priest (D:3)
  5 adders
  3 worms
  A dart slug (D:3)
  15 orcs (D:3)
  2 bat zombies (D:1)
  5 giant cockroaches
  13 goblins
  5 hobgoblins (D:1)
  4 quokkas
  6 bats
  5 frilled lizards
  8 kobolds
  10 rats
84 creatures vanquished.

Notes
Turn   | Place    | Note
-------+----------+-------------------------------------------
     0 | D:1      | Murks the Troll Chaos Knight began the quest for the Orb.
     0 | D:1      | Reached XP level 1. HP: 22/22 MP: 0/0
   165 | D:1      | Reached XP level 2. HP: 29/29 MP: 1/1
   331 | D:1      | XOM: divination: detect items
   382 | D:1      | XOM: divination: detect creatures
   467 | D:1      | Reached skill level 4 in Unarmed Combat
   860 | D:1      | XOM: harmless Summ miscast
  1118 | D:2      | Reached XP level 3. HP: 32/36 MP: 2/2
  1594 | D:2      | Reached XP level 4. HP: 44/44 MP: 3/3
  1650 | D:2      | Found a bloodstained altar of Trog.
  1659 | D:2      | XOM: blink monster(s)
  1662 | D:2      | Reached skill level 5 in Unarmed Combat
  2021 | D:3      | Found a snail-covered altar of Cheibriados.
  2163 | D:3      | Found a sacrificial altar of Ru.
  2204 | D:3      | XOM: medium Conj miscast
  2537 | D:3      | Reached XP level 5. HP: 47/50 MP: 4/4
  2753 | D:3      | Reached skill level 6 in Unarmed Combat
  2950 | D:3      | XOM: mild Conj miscast
  3039 | D:4      | Noticed a two-headed ogre
  3065 | D:4      | XOM is BORED!
  3070 | D:4      | Noticed a shapeshifter
  3070 | D:4      | a two-headed ogre changed into a shapeshifter
  3070 | D:4      | XOM: polymorph two-headed ogre -> shapeshifter
  3070 | D:4      | Noticed an eye of draining
  3070 | D:4      | a shapeshifter changed into an eye of draining
  3076 | D:4      | Killed an eye of draining
  3076 | D:4      | Reached XP level 6. HP: 61/61 MP: 0/5
  3217 | D:4      | XOM: summons 3 hostile demons
  3218 | D:4      | Noticed a sun demon
  3221 | D:4      | Mangled by a sun demon

Skill      XL: |  1  2  3  4  5 |
---------------+----------------+-----
Unarmed Combat | 4 5 6 |  6.0
Fighting       | 3 |  3.5
Dodging        | |  1.9

Action                   |  1- 3 |  4- 6 || total
-------------------------+-------+-------++-------
Melee: Unarmed           |    97 |    89 ||   186
       Punch             |     2 |     1 ||     3
Throw: Stone             |    39 |    67 ||   106
       Javelin           |       |     9 ||     9
       Tomahawk          |       |     4 ||     4
  Use: Scroll            |       |     1 ||     1
 Stab: Sleeping          |     2 |     1 ||     3
  Eat: Chunk             |    19 |    15 ||    34
Armor: Robe              |    43 |    50 ||    93
Dodge: Dodged            |    50 |    67 ||   117
